[Event "Early-Titled-Tuesday-Blitz-December-26-2023"]
[Site "Chess.com"]
[Date "2023.12.26"]
[Round "10"]
[White "vugarrasulov"]
[Black "jacky72"]
[Result "1-0"]
[WhiteElo "2937"]
[BlackElo "2811"]
[TimeControl "180+1"]
[EndTime "9:54:34 PST"]
[Termination "vugarrasulov won by resignation"]

1. a3 d5 2. Nf3 Nc6 3. d4 Bf5 4. e3 e6 5. Bd3 Bxd3 6. Qxd3 Nf6 7. O-O Be7 8. c4 O-O 9. Nc3 a6 10. cxd5 exd5 11. b4 Bd6 12. Bb2 Ne7 13. Rac1 c6 14.
Ne5 Ng6 15. f4 Qe7 16. Rc2 Nd7 17. Re2 f5 18. Na4 Rae8 19. Nc5 Nb6 20. Rc1 Nxe5 21.
dxe5 Bxc5 22. Rxc5 Nc4 23. Bd4 Qe6 24. Rc2 Rd8 25. Kf2 Rd7 26. a4 b6 27. R5xc4 dxc4 28. Qxc4 Qxc4 29. Rxc4 Rc8 30. Bxb6 Kf7 31. Bd4 Rb7 32.
Ke2 Ke6 33. Kd3 h6 34. Kc3 g5 35. Rc5 gxf4 36. exf4 h5 37. Ra5 Ra8 38. Kc4 h4 39. g3 hxg3 40. hxg3 Rd7 41. Rc5 Rc8 42. Be3 Rd1 43. Ra5 Re1 44. Bd4 Rc1+ 45. Bc3 Rg8 46. Rxa6 Rxg3 47. Rxc6+ Kd7 48. Rd6+ Kc7 49. Rd3 Rxd3 50.
Kxd3 Kc6 51. Kc4 Rf1 52. b5+ Kc7 53. a5 Rxf4+ 54. Kd5 Rf1 55. e6 f4 56. b6+ Kd8 57. Bf6+ Ke8 58. b7 Rb1 59. a6 Rxb7 60. axb7 1-0

[Event "Early-Titled-Tuesday-Blitz-December-26-2023"]
[Site "Chess.com"]
[Date "2023.12.26"]
[Round "10"]
[White "NowInChess"]
[Black "Kotlyar_K"]
[Result "0-1"]
[WhiteElo "2288"]
[BlackElo "2469"]
[TimeControl "180+1"]
[EndTime "9:54:35 PST"]
[Termination "Kotlyar_K won on time"]

1. e4 e5 2. Nf3 Nc6 3. d4 exd4 4.
Bc4 Nf6 5. e5 d5 6. Bb5 Ne4 7.
Nxd4 Bc5 8. O-O Bd7 9. Bxc6 bxc6 10. f3 Ng5 11. f4 Ne4 12. Be3 O-O 13. Nd2 f5 14.
Qe2 Rb8 15. N2b3 Bb6 16. a4 a5 17. e6 Be8 18. Rad1 Qe7 19. c3 c5 20. Nb5 c6 21. c4 d4 22. Bd2 cxb5 23. cxb5 Qxe6 24. Bxa5 Qxb3 25. Bxb6 Rxb6 26. Rd3 Qxa4 0-1

[Event "Early-Titled-Tuesday-Blitz-December-26-2023"]
[Site "Chess.com"]
[Date "2023.12.26"]
[Round "10"]
[White "IAgrest"]
[Black "missponyo10"]
[Result "1-0"]
[WhiteElo "2418"]
[BlackElo "2251"]
[TimeControl "180+1"]
[EndTime "9:54:40 PST"]
[Termination "IAgrest won by checkmate"]

1. e4 c5 2. Nf3 d6 3. d4 cxd4 4.
Nxd4 Nf6 5. Nc3 a6 6. Bg5 Nbd7 7. Qe2 h6 8. Bh4 g6 9. O-O-O Bg7 10. f4 Qa5 11.
Kb1 O-O 12. Be1 Qc7 13. Nf3 b5 14. a3 Bb7 15. g4 Nxg4 16. Rg1 Ngf6 17. h4 h5 18. Bh3 Rac8 19. e5 Nh7 20. Ng5 Nxg5 21. Rxg5 Rcd8 22. e6 Nc5 23. exf7+ Kxf7 24. f5 Rh8 25.
fxg6+ Ke8 26. Rxh5 Rxh5 27. Qxh5 Ne4 28. Qh7 Kf8 29. Be6 Nf6 30. Bd2 Nxh7 31. gxh7 Bg2 32. Rg1 Qc6 33. Nd5 Bxd5 34. h8=Q+ Bxh8 35. Rg8# 1-0

[Event "Early-Titled-Tuesday-Blitz-December-26-2023"]
[Site "Chess.com"]
[Date "2023.12.26"]
[Round "10"]
[White "hsmile"]
[Black "R2D2PTY"]
[Result "0-1"]
[WhiteElo "2085"]
[BlackElo "2263"]
[TimeControl "180+1"]
[EndTime "9:54:42 PST"]
[Termination "R2D2PTY won by resignation"]

1. d4 Nf6 2. Nc3 d5 3. Bg5 h6 4. Bxf6 exf6 5. e3 c6 6. Bd3 Bd6 7. Qf3 O-O 8. Nge2 Na6 9. a3 Nc7 10. Ng3 Ne6 11. h4 c5 12. dxc5 Nxc5 13. Nf5 Nxd3+ 14.
cxd3 Bc7 15. Nxd5 Be5 16. Nfe7+ Kh8 17. Nxc8 Rxc8 18. d4 Bb8 19. Nc3 Qb6 20. Qe2 f5 21. g3 f4 22. gxf4 Bxf4 23. Kf1 Bb8 24. Rg1 f5 25. Rb1 Rxc3 0-1

[Event "Early-Titled-Tuesday-Blitz-December-26-2023"]
[Site "Chess.com"]
[Date "2023.12.26"]
[Round "10"]
[White "NovozhilovSemen"]
[Black "anasta10"]
[Result "0-1"]
[WhiteElo "2765"]
[BlackElo "2629"]
[TimeControl "180+1"]
[EndTime "9:54:46 PST"]
[Termination "anasta10 won by resignation"]

1. d4 g6 2. e4 Bg7 3. Nc3 a6 4.
Nf3 b5 5. a3 Bb7 6. Be3 d6 7. Qd2 Nf6 8. Bd3 Nbd7 9. b4 Nb6 10.
Qe2 O-O 11. O-O Re8 12. Nd2 e5 13. d5 Nh5 14. g3 Rf8 15. a4 bxa4 16. Nxa4 Nxa4 17.
Rxa4 Qd7 18. Rfa1 Rab8 19. c3 Nf6 20. f3 Nh5 21. Bxa6 Bxa6 22. Rxa6 f5 23. Bf2 Nf6 24. Rc6 Rf7 25. Ra7 Rc8 26. b5 fxe4 27. fxe4 Qh3 28. b6 Ng4 29. Be3 Nxe3 30. Qxe3 Bh6 31. Qe2 Bxd2 32.
Ra1 Bg5 33. b7 Rb8 0-1

[Event "Early-Titled-Tuesday-Blitz-December-26-2023"]
[Site "Chess.com"]
[Date "2023.12.26"]
[Round "10"]
[White "Angry_Twin"]
[Black "Kirill_Klukin"]
[Result "1-0"]
[WhiteElo "2949"]
[BlackElo "2825"]
[TimeControl "180+1"]
[EndTime "9:54:47 PST"]
[Termination "Angry_Twin won by resignation"]

1. e4 c5 2. Nf3 g6 3. d4 cxd4 4. Nxd4 Bg7 5. c4 Nc6 6. Be3 Nf6 7.
Nc3 O-O 8. Be2 d6 9. O-O Bd7 10. f3 Nxd4 11. Bxd4 a5 12. b3 Bc6 13. Qd2 Nd7 14. Be3 Nc5 15. Rac1 e6 16. Nb5 Be5 17. Bg5 Qb6 18. Kh1 f5 19. exf5 Rxf5 20. Be3 Qd8 21.
Nd4 Qh4 22. f4 Ne4 23. Qe1 Qxe1 24. Rcxe1 Bxd4 25. Bxd4 Raf8 26. Be3 R5f7 27. Kg1 Re8 28. Bd4 Nd2 29. Rf2 Ne4 30. Rf3 e5 31. fxe5 dxe5 32. Bb6 a4 33. Re3 axb3 34. axb3 Nf6 35.
Bd1 e4 36. Bd4 Ref8 37. h3 Nh5 38. Bxh5 gxh5 39. Rg3+ 1-0

[Event "Early-Titled-Tuesday-Blitz-December-26-2023"]
[Site "Chess.com"]
[Date "2023.12.26"]
[Round "10"]
[White "Shahdad2007"]
[Black "biostatistician"]
[Result "1-0"]
[WhiteElo "2400"]
[BlackElo "2610"]
[TimeControl "180+1"]
[EndTime "9:54:50 PST"]
[Termination "Shahdad2007 won by resignation"]

1. e4 e5 2. Nf3 Nc6 3. Nc3 Nf6 4.
d4 exd4 5. Nxd4 Bb4 6. Nxc6 bxc6 7. Bd3 O-O 8. O-O d5 9. exd5 cxd5 10. h3 h6 11. Qf3 c6 12. Bf4 Re8 13. Rad1 a5 14. Ne2 Ba6 15. Bxa6 Rxa6 16. c4 Qe7 17. Nd4 Qe4 18. cxd5 cxd5 19. Rd3 Qxf3 20. Nxf3 Re2 21. Be5 Nd7 22. Bd4 Rae6 23. a3 Bd6 24. Bc3 Nb6 25. Nd4 Nc4 26. Nxe2 Rxe2 27. Rxd5 Be7 28. Re1 Rxe1+ 29.
Bxe1 a4 30. Bc3 1-0

[Event "Early-Titled-Tuesday-Blitz-December-26-2023"]
[Site "Chess.com"]
[Date "2023.12.26"]
[Round "10"]
[White "stollenmonster"]
[Black "rquery98"]
[Result "1-0"]
[WhiteElo "2934"]
[BlackElo "2782"]
[TimeControl "180+1"]
[EndTime "9:54:51 PST"]
[Termination "stollenmonster won by resignation"]

1. e4 e5 2. Nc3 Nf6 3. g3 g6 4.
Bg2 Bg7 5. Nge2 O-O 6. d3 c6 7. O-O d5 8. exd5 Nxd5 9. Nxd5 cxd5 10. d4 e4 11. f3 f5 12. c3 Nc6 13. Nf4 Kh8 14. fxe4 dxe4 15. Be3 Qd6 16. b3 b5 17. Rc1 b4 18. d5 Ne5 19. c4 Ng4 20. Bd4 Bxd4+ 21. Qxd4+ Qe5 22. Qc5 Bd7 23. h3 Nf6 24. Qxb4 g5 25. Ne2 a5 26. Qc3 Qe7 27. Qd4 Kg8 28. c5 Rad8 29. Nc3 Bc8 30. d6 Qe6 31.
Rfe1 Rfe8 32. Rcd1 Bb7 33. a3 f4 34. Bf1 e3 35. Bc4 Nd5 36. Bxd5 Bxd5 37. Qxd5 Qxd5 38. Nxd5 f3 39. Rxe3 1-0

[Event "Early-Titled-Tuesday-Blitz-December-26-2023"]
[Site "Chess.com"]
[Date "2023.12.26"]
[Round "10"]
[White "NelsonLinda"]
[Black "Matic_Nareks"]
[Result "1-0"]
[WhiteElo "2609"]
[BlackElo "2489"]
[TimeControl "180+1"]
[EndTime "9:54:54 PST"]
[Termination "NelsonLinda won by checkmate"]

1. b3 e6 2. Bb2 d6 3. e3 Nf6 4. Nf3 g6 5. Be2 Bg7 6. c4 O-O 7. O-O b6 8. d4 Bb7 9. Nbd2 Nbd7 10. Rc1 c5 11. Nb1 Rc8 12. Nc3 a6 13. Qc2 Qc7 14.
Rfd1 Qb8 15. Qb1 Qa8 16. Qa1 Rfd8 17. Na4 Bc6 18. dxc5 Bxa4 19. bxa4 dxc5 20. Rxd7 Rxd7 21. Bxf6 Bxf6 22. Qxf6 Qa7 23. h4 Qc7 24. h5 Qd8 25.
Qf4 Qc7 26. Ne5 Rd2 27. Bf3 Qe7 28. Ng4 Rcd8 29. Qe5 Qh4 30. h6 Kf8 31. g3 Qh5 32.
Qg7+ Ke7 33. Qf6+ Kf8 34. Ne5 Qf5 35. Qg7+ Ke7 36. Nc6+ Ke8 37. Qg8+ Kd7 38. Qxd8# 1-0

[Event "Early-Titled-Tuesday-Blitz-December-26-2023"]
[Site "Chess.com"]
[Date "2023.12.26"]
[Round "10"]
[White "NovakRatko"]
[Black "GoValya"]
[Result "0-1"]
[WhiteElo "2421"]
[BlackElo "2310"]
[TimeControl "180+1"]
[EndTime "9:54:54 PST"]
[Termination "GoValya won by resignation"]

1. d4 d5 2. c4 c6 3. cxd5 cxd5 4.
Nc3 g6 5. f3 Bg7 6. Bg5 Nc6 7.
e3 Nf6 8. Qb3 e6 9. Rd1 h6 10.
Bh4 g5 11. Bf2 O-O 12. g4 a6 13. h4 b5 14. hxg5 hxg5 15. a3 b4 16. axb4 Rb8 17. b5 axb5 18. Bxb5 Ba6 19. Qa4 Bxb5 20. Nxb5 Qa5+ 21.
Qxa5 Nxa5 22. b4 Nc4 23. Nc3 Rxb4 24. Nh3 Rb3 25. Rc1 Rfb8 26. O-O Nd2 27. Rfd1 Nxf3+ 28. Kg2 Nh4+ 29. Bxh4 gxh4 30. g5 Ng4 31. Kf3 Nh2+ 32.
Kg2 Rb2+ 33. Nf2 Ng4 34. Rf1 Nxe3+ 35. Kf3 Nxf1 36. Rxf1 R8b3 37. Rc1 Bxd4 38. Kg4 Rxc3 39. Rxc3 Bxc3 40. Nd3 Rg2+ 41. Kh5 h3 42. Nf4 h2 0-1

[Event "Early-Titled-Tuesday-Blitz-December-26-2023"]
[Site "Chess.com"]
[Date "2023.12.26"]
[Round "10"]
[White "Cheer_Down"]
[Black "Lady_Nika"]
[Result "0-1"]
[WhiteElo "2486"]
[BlackElo "2595"]
[TimeControl "180+1"]
[EndTime "9:54:56 PST"]
[Termination "Lady_Nika won by resignation"]

1. d4 d5 2. Bf4 e6 3. e3 Bd6 4. Bg3 f5 5. Nf3 Nf6 6. c4 c6 7. Nc3 O-O 8. Bd3 Ne4 9. Bxd6 Qxd6 10. Ne5 Nd7 11. f4 Nxe5 12. fxe5 Qb4 13. Qb3 Qe7 14.
O-O Nd2 15. Qc2 Nxf1 16. Rxf1 Bd7 17. a3 Qg5 18. Qd2 Rf7 19. Ne2 Raf8 20. b4 Qh6 21. g3 g5 22. c5 Rg7 23. a4 a6 24. Qc1 Be8 25. Kh1 Bh5 26. Nc3 f4 27. gxf4 gxf4 28.
exf4 Bg4 29. Qe3 Bh3 30. Rf2 Kh8 31. Ne2 Rfg8 32. Ng3 Bf5 33. Rf3 Bxd3 34. Qxd3 Qh3 35. Qe3 h5 36. Qf2 h4 37. Ne2 Qf5 38. Qxh4+ Rh7 39. Qf2 Qb1+ 40. Qf1 Qe4 41. Ng3 Rxg3 0-1

[Event "Early-Titled-Tuesday-Blitz-December-26-2023"]
[Site "Chess.com"]
[Date "2023.12.26"]
[Round "10"]
[White "laskakid"]
[Black "Pastore1978"]
[Result "1-0"]
[WhiteElo "2364"]
[BlackElo "2202"]
[TimeControl "180+1"]
[EndTime "9:54:58 PST"]
[Termination "laskakid won on time"]

1. d4 d5 2. c4 e6 3. Nc3 Nf6 4. cxd5 e5 5. dxe5 Ng4 6. Nf3 f6 7. e6 Bd6 8. h3 Ne5 9. Nd4 O-O 10. e4 c5 11. Nf5 c4 12. Be3 a6 13. f4 Ng6 14.
Qg4 b5 15. h4 Qc7 16. h5 Nh8 17. e7 Bxf5 18. exf8=Q+ Kxf8 19. Qxf5 Nf7 20. Be2 Nd7 21. O-O Nc5 22. e5 fxe5 23. fxe5 Bxe5 24. Qxf7+ Qxf7 25. Bxc5+ Kg8 26. Rxf7 Kxf7 27. Bg4 1-0

[Event "Early-Titled-Tuesday-Blitz-December-26-2023"]
[Site "Chess.com"]
[Date "2023.12.26"]
[Round "10"]
[White "Zurability"]
[Black "SCIM"]
[Result "1-0"]
[WhiteElo "2705"]
[BlackElo "2525"]
[TimeControl "180+1"]
[EndTime "9:55:02 PST"]
[Termination "Zurability won by resignation"]

1. d4 d5 2. c4 e6 3. Nc3 c5 4.
cxd5 exd5 5. Nf3 Nc6 6. e3 a6 7. Be2 c4 8. O-O Nf6 9. b3 Bb4 10. Qc2 b5 11. bxc4 bxc4 12. Ne5 Bd7 13. Nxd5 Nxd5 14. Bxc4 Nxe5 15. Bxd5 Ng6 16. Qe4+ Ne7 17. Bxa8 O-O 18. Bb7 Bb5 19. Rd1 Qd7 20. Bd2 Bxd2 21.
Rxd2 Rb8 22. a4 Bc4 23. d5 Bb3 24. d6 Ng6 25. Rc1 Rxb7 26. Qxb7 Qxb7 27. d7 1-0

[Event "Early-Titled-Tuesday-Blitz-December-26-2023"]
[Site "Chess.com"]
[Date "2023.12.26"]
[Round "10"]
[White "TanitoluwaAps116"]
[Black "chessdiamant"]
[Result "1-0"]
[WhiteElo "2729"]
[BlackElo "2588"]
[TimeControl "180+1"]
[EndTime "9:55:03 PST"]
[Termination "TanitoluwaAps116 won by resignation"]

1. Nf3 Nf6 2. c4 c5 3. Nc3 g6 4. g3 Bg7 5. Bg2 O-O 6. O-O Nc6 7. d4 cxd4 8. Nxd4 Rb8 9. Bf4 d6 10. Bxc6 e5 11. Bg2 exf4 12. gxf4 Re8 13. e3 a6 14. Rc1 Ng4 15. h3 Nh6 16. Nf3 Be6 17. b3 Nf5 18.
Ng5 h6 19. Nxe6 fxe6 20. Qd3 Kh7 21. Rfd1 Qh4 22. Qe2 h5 23. Ne4 Rbd8 24. Ng5+ Kg8 25. c5 d5 26. c6 bxc6 27. Rxc6 Bf6 28. Rxe6 Rxe6 29. Nxe6 Re8 30. Bxd5 Kh8 31. Qf3 Rc8 32. Bc4 Ng7 33. Nxg7 Bxg7 34. Rd6 g5 35. Rd5 g4 36.
hxg4 hxg4 37. Qg3 Qxg3+ 38. fxg3 Re8 39. Rh5+ 1-0

[Event "Early-Titled-Tuesday-Blitz-December-26-2023"]
[Site "Chess.com"]
[Date "2023.12.26"]
[Round "10"]
[White "PavelChernomordik"]
[Black "TitarovVasiliYouTube"]
[Result "0-1"]
[WhiteElo "2416"]
[BlackElo "2543"]
[TimeControl "180+1"]
[EndTime "9:55:05 PST"]
[Termination "TitarovVasiliYouTube won by resignation"]

1. e4 c5 2. Nc3 Nc6 3. Bb5 e6 4. Bxc6 bxc6 5. e5 f6 6. f4 fxe5 7. fxe5 Qg5 8. Nf3 Qxg2 9. Rg1 Qh3 10. Qe2 Ne7 11. Ne4 Nd5 12. d3 c4 13. dxc4 Ba6 14.
Rg3 Qh5 15. Nd6+ Bxd6 16. exd6 O-O 17. Qe4 Nf6 18. Qe5 Bxc4 19. Bg5 Nd5 20. Qe4 Rf5 21.
O-O-O Raf8 22. Qxc4 Rxf3 23. Rdg1 Rxg3 24. Rxg3 Qxh2 25.
Rd3 Qg1+ 26. Rd1 Qxg5+ 27. Kb1 Qf4 0-1

[Event "Early-Titled-Tuesday-Blitz-December-26-2023"]
[Site "Chess.com"]
[Date "2023.12.26"]
[Round "10"]
[White "malakismayil"]
[Black "bubeliang"]
[Result "0-1"]
[WhiteElo "2535"]
[BlackElo "2765"]
[TimeControl "180+1"]
[EndTime "9:55:06 PST"]
[Termination "bubeliang won on time"]

1. e4 b6 2. d4 Bb7 3. Nc3 e6 4. Be3 Bb4 5. f3 Nf6 6. Bd3 d5 7. e5 Bxc3+ 8. bxc3 Nfd7 9. Ne2 c5 10. Ng3 Qc7 11.
O-O Nc6 12. f4 g6 13. Rb1 O-O-O 14. a4 Na5 15. Qe1 Nc4 16. Bxc4 dxc4 17. a5 Qc6 18.
Qf2 bxa5 19. dxc5 Nb8 20. Rfd1 Rd5 21. Ne2 Rxd1+ 22. Rxd1 Qe4 23. Nd4 Rd8 24. Rb1 a6 25. Ra1 Rxd4 26. Bxd4 Nc6 27. h3 h5 28. Be3 Ne7 29.
Rxa5 Nf5 30. c6 Bxc6 31. Bc5 Nh4 32. Rxa6 Bb7 33. Ra1 Nxg2 34. Bb6 Ne3 35. Qh2 Nxc2 36. Rc1 Ne1 0-1

[Event "Early-Titled-Tuesday-Blitz-December-26-2023"]
[Site "Chess.com"]
[Date "2023.12.26"]
[Round "10"]
[White "frederiksvane"]
[Black "AlexanderL"]
[Result "0-1"]
[WhiteElo "2963"]
[BlackElo "2902"]
[TimeControl "180+1"]
[EndTime "9:55:07 PST"]
[Termination "AlexanderL won by resignation"]

1. e4 e6 2. d4 d5 3. e5 c5 4. c3 Nc6 5. Nf3 Bd7 6. Be2 cxd4 7. cxd4 Nge7 8. Na3 Nf5 9. Nc2 f6 10. O-O fxe5 11.
dxe5 Bc5 12. a3 O-O 13. b4 Bb6 14. Bb2 Rc8 15. Qd2 Nce7 16. Ncd4 Ng6 17. Nxf5 Rxf5 18. Bd3 Rxf3 19. gxf3 Qh4 20. Bxg6 hxg6 21. Kh1 Qh5 22.
Qd1 Ba4 23. Qd3 Bb5 24. Qxb5 Qxf3+ 25. Kg1 Rc4 26. Qe8+ Kh7 27. Qxe6 Rf4 28. h3 Bxf2+ 29. Kh2 Bg3+ 30. Kg1 Qe3+ 31. Kh1 Qe2 32. Rf2 Qxf2 0-1

[Event "Early-Titled-Tuesday-Blitz-December-26-2023"]
[Site "Chess.com"]
[Date "2023.12.26"]
[Round "10"]
[White "Aygehovit1992"]
[Black "DTChess"]
[Result "1-0"]
[WhiteElo "2752"]
[BlackElo "2662"]
[TimeControl "180+1"]
[EndTime "9:55:09 PST"]
[Termination "Aygehovit1992 won by resignation"]

1. e4 e5 2. Nf3 Nc6 3. Bb5 a6 4. Ba4 Nf6 5. O-O b5 6. Bb3 Be7 7. d3 O-O 8. a4 Bb7 9. Bd2 d5 10. exd5 Nxd5 11. Re1 Bf6 12. Nc3 Nxc3 13. Bxc3 Nd4 14.
Bxd4 exd4 15. Nd2 Re8 16. Qh5 Rxe1+ 17. Rxe1 g6 18. Qc5 bxa4 19. Bxa4 Qd5 20. Qxd5 Bxd5 21.
Bb3 Bxb3 22. Nxb3 Rb8 23. Ra1 Rb6 24. f4 Kg7 25. Kf2 h5 26. Kf3 Re6 27. Nc5 Rc6 28. b4 Be7 29. Rxa6 Rb6 30. Rxb6 cxb6 31. Na6 f5 32. b5 Bd6 33. g3 Kf6 34. h4 Ke6 35. Ke2 Kd5 36. Kd2 Ke6 37. c3 dxc3+ 38. Kxc3 Kd5 39.
d4 Ba3 40. Nc7+ Ke4 41. Na8 Kf3 42. Nxb6 Kxg3 43. Nc4 Be7 44. b6 Bd8 45. b7 Bc7 46.
d5 Kxf4 47. d6 1-0

[Event "Early-Titled-Tuesday-Blitz-December-26-2023"]
[Site "Chess.com"]
[Date "2023.12.26"]
[Round "10"]
[White "Ezov"]
[Black "The_Straightforward_Rook"]
[Result "0-1"]
[WhiteElo "2156"]
[BlackElo "2481"]
[TimeControl "180+1"]
[EndTime "9:55:10 PST"]
[Termination "The_Straightforward_Rook won by resignation"]

1. d4 d5 2. Nc3 Nf6 3. Bf4 c6 4. Qd2 Bf5 5. O-O-O h6 6. f3 e6 7. g4 Bh7 8. h4 Bb4 9. a3 Bxc3 10. Qxc3 Nbd7 11.
g5 Nh5 12. Be3 Ng3 13. Rh3 Nxf1 14. Rxf1 Bf5 15. Rg3 h5 16. Bf4 Qb6 17. Qb4 Qxb4 18. axb4 a5 19. bxa5 Rxa5 20. Kd2 Ra2 21. Kc3 O-O 22.
Bd6 Rfa8 23. Ba3 R2xa3+ 24. bxa3 Rxa3+ 25. Kd2 Nb6 26. Rb1 Nc4+ 27. Ke1 b5 28. Kd1 Ne3+ 29. Kd2 Nxc2 30. Rb2 Nxd4 31. e3 Nb3+ 32. Ke2 Nc5 33. Kf2 Nd3+ 0-1

[Event "Early-Titled-Tuesday-Blitz-December-26-2023"]
[Site "Chess.com"]
[Date "2023.12.26"]
[Round "10"]
[White "Evgeny81"]
[Black "YurasovMat-2012"]
[Result "0-1"]
[WhiteElo "2750"]
[BlackElo "2548"]
[TimeControl "180+1"]
[EndTime "9:55:19 PST"]
[Termination "YurasovMat-2012 won by resignation"]

1. e4 e5 2. Nf3 Nf6 3. Nxe5 d6 4.
Nc4 Nxe4 5. Be2 d5 6. Ne3 Be7 7. O-O O-O 8. d3 Nf6 9. d4 c5 10. dxc5 Nc6 11. Nd2 Bxc5 12. Nb3 Bb6 13. a4 a6 14. Bf3 Be6 15. Bd2 Ne5 16. a5 Ba7 17. Bb4 Re8 18. c3 Ne4 19. Re1 Qf6 20. Bxe4 dxe4 21.
Bc5 Nd3 22. Bxa7 Qxf2+ 23. Kh1 Qxe1+ 24. Qxe1 Nxe1 25. Bb6 Nd3 26. Nd4 Nxb2 27. g4 Rac8 28. Rc1 Nc4 29. Nxc4 Bxc4 30. Kg2 e3 31. Nf5 e2 32. Re1 Bd5+ 33. Kf2 Rxc3 34. Bd4 Rf3+ 35. Kg1 Rf4 36. h3 Bc4 37. Bf2 g6 38. Nd6 Re6 39. Nxb7 Ref6 40. Bh4 Rf1+ 41. Kg2 Bd5+ 42. Kg3 Rxe1 0-1

[Event "Early-Titled-Tuesday-Blitz-December-26-2023"]
[Site "Chess.com"]
[Date "2023.12.26"]
[Round "10"]
[White "ShahMatKanal"]
[Black "Lion_DL"]
[Result "1/2-1/2"]
[WhiteElo "2512"]
[BlackElo "2387"]
[TimeControl "180+1"]
[EndTime "9:55:26 PST"]
[Termination "Game drawn by stalemate"]

1. e4 c5 2. d4 cxd4 3. c3 Nf6 4. e5 Nd5 5. Bc4 Nb6 6. Bb3 e6 7. Nf3 d6 8. exd6 Bxd6 9. cxd4 O-O 10. O-O Nc6 11.
Nc3 Nb4 12. Ne4 Be7 13. Be3 N4d5 14. Qd2 Bd7 15. Nc5 Bc6 16. Rfe1 Nxe3 17. Qxe3 Bxf3 18. Qxf3 Qxd4 19. Nxb7 Qxb2 20. Na5 Bb4 21. Reb1 Qf6 22. Qh5 Bc3 23. Bc2 g6 24. Qe2 Bxa1 25. Nb3 Be5 26.
Nc5 Rac8 27. Ne4 Qe7 28. Bb3 Bg7 29. h4 Nd5 30. h5 Nc3 31. Nxc3 Rxc3 32. hxg6 hxg6 33.
g3 Rfc8 34. Kh2 Rc1 35. Rxc1 Rxc1 36. Qe3 Qc5 37. Qf3 Qh5+ 38. Qxh5 gxh5 39. Kg2 Kf8 40. Kh3 Rf1 41. Kg2 Re1 42. Kh3 Re2 43. Kg2 Bd4 44. Kf3 Rxf2+ 45. Ke4 Bb6 46. Bc4 Rg2 47. Kf3 Rg1 48. a4 Bc7 49. Bb5 Rxg3+ 50. Ke4 h4 51. a5 h3 52. Kd4 h2 53. Bc6 Rg1 54. a6 h1=Q 55. Bxh1 Rxh1 56. Kc5 Bb6+ 57. Kc6 Ra1 58. Kb7 Rxa6 59. Ka8 e5 60. Kb7 e4 61. Kc6 e3 62.
Kb7 e2 63. Ka8 e1=Q 64. Kb7 Qe4+ 65. Kb8 Bc7+ 66. Kc8 Qa8+ 67. Kd7 Rc6 1/2-1/2

[Event "Early-Titled-Tuesday-Blitz-December-26-2023"]
[Site "Chess.com"]
[Date "2023.12.26"]
[Round "10"]
[White "slidingknight2775"]
[Black "wonderfultime"]
[Result "0-1"]
[WhiteElo "2690"]
[BlackElo "3001"]
[TimeControl "180+1"]
[EndTime "9:55:27 PST"]
[Termination "wonderfultime won by resignation"]

1. Nf3 d5 2. g3 Nd7 3. d4 Nb6 4. Bg2 Bf5 5. O-O e6 6. b3 Nf6 7. c4 c6 8. Nbd2 h6 9. Bb2 Be7 10. a4 a5 11. Qc1 O-O 12. Ba3 Nbd7 13. Bxe7 Qxe7 14. Qc3 Rfc8 15. Ne5 Nxe5 16. dxe5 Nd7 17. e4 dxe4 18. Nxe4 Bxe4 19. Bxe4 Qc5 20. Rfe1 Nxe5 21. Bc2 Nd7 22. Rad1 Nf6 23. Re5 Qb4 24. Qxb4 axb4 25. a5 Kf8 26. Ra1 Nd7 27. Ree1 Nc5 28. Kg2 Rd8 29. Re5 Na6 30. Ra4 Rd2 31. Bb1 Rb2 32.
Bd3 Rxb3 33. Bf1 Rb2 34. c5 Rd8 35. Re2 Rxe2 36. Bxe2 Rd4 37. Bxa6 bxa6 38. Kf3 Rc4 39. Ke3 Ke7 40. Kd3 Rxc5 41. Rxb4 Rxa5 42. Rb7+ Kf6 43. Rc7 Ra2 44. Ke3 a5 45. Rxc6 a4 46. Ra6 a3 47.
Kf3 g5 48. h3 h5 49. Ra7 Ra1 50. Ra5 a2 51. Ra7 Ke5 52. Ra8 f5 53. Ra5+ Kd4 54.
Kg2 e5 55. Ra8 e4 56. Rd8+ Kc5 57. Rc8+ Kd6 58. Rd8+ Kc7 59. Ra8 f4 60. gxf4 gxf4 61. Ra4 e3 62. fxe3 fxe3 63. Re4 Re1 64. Rxe3 Rxe3 0-1

[Event "Early-Titled-Tuesday-Blitz-December-26-2023"]
[Site "Chess.com"]
[Date "2023.12.26"]
[Round "10"]
[White "Dewarfd"]
[Black "JAN2404"]
[Result "1-0"]
[WhiteElo "2082"]
[BlackElo "1939"]
[TimeControl "180+1"]
[EndTime "9:55:29 PST"]
[Termination "Dewarfd won on time"]

1. d4 Nf6 2. e3 d5 3. Nf3 Bg4 4. h3 Bh5 5. g4 Bg6 6. Ne5 e6 7. h4 h5 8. Nxg6 fxg6 9. g5 Ne4 10. Bd3 Nc6 11. c3 Bd6 12. Nd2 e5 13. Nxe4 dxe4 14. Bxe4 Ne7 15. Qc2 O-O 16. Bxg6 exd4 17. exd4 Nxg6 18.
Qxg6 Qe7+ 19. Be3 Bf4 20. O-O-O Bxe3+ 21. fxe3 Qxe3+ 22. Kb1 Rae8 23. Qxh5 Rf2 24. g6 Qe4+ 25. Ka1 Qc2 26. Qh7+ Kf8 27. Qh8+ Ke7 28. Qxg7+ Kd8 29. Rb1 Re6 30. Qg8+ Kd7 31. g7 Ra6 32. Qd5+ Rd6 33. g8=Q 1-0

[Event "Early-Titled-Tuesday-Blitz-December-26-2023"]
[Site "Chess.com"]
[Date "2023.12.26"]
[Round "10"]
[White "karinachess1"]
[Black "secrethawk1"]
[Result "1-0"]
[WhiteElo "2575"]
[BlackElo "2457"]
[TimeControl "180+1"]
[EndTime "9:55:32 PST"]
[Termination "karinachess1 won on time"]

1. d4 Nf6 2. c4 e6 3. Nc3 Bb4 4. Nf3 b6 5. e3 Bb7 6. Bd3 O-O 7. O-O d6 8. Qe2 Bxc3 9. bxc3 Nbd7 10. e4 e5 11. Bg5 h6 12. Bh4 g5 13. Nxg5 hxg5 14. Bxg5 Kg7 15. f4 Qe8 16. fxe5 dxe5 17. Qf3 Qe6 18. d5 Qd6 19. Qg3 Kh8 20. Qh4+ Nh7 21. Be7 Qg6 22. Bxf8 Rxf8 23. Rf3 f6 24. Rg3 Qf7 25.
Rf1 Rg8 26. Rxg8+ Qxg8 27. Be2 Qg5 28. Qh3 Nc5 29. Bg4 Nxe4 30. Bf5 Qg7 31. Bxe4 Qe7 32. Rxf6 Qc5+ 33. Kh1 1-0

[Event "Early-Titled-Tuesday-Blitz-December-26-2023"]
[Site "Chess.com"]
[Date "2023.12.26"]
[Round "10"]
[White "Vincent_Vega95"]
[Black "Aradhya2000"]
[Result "1-0"]
[WhiteElo "2860"]
[BlackElo "2728"]
[TimeControl "180+1"]
[EndTime "9:55:34 PST"]
[Termination "Vincent_Vega95 won by resignation"]

1. Nf3 Nf6 2. g3 d5 3. Bg2 g6 4. O-O Bg7 5. d4 O-O 6. c3 c6 7. a4 Bf5 8. a5 Nbd7 9. Bf4 Nh5 10. Bg5 Nhf6 11. Qb3 b6 12. Nbd2 Ne4 13. Nxe4 Bxe4 14. Qa3 c5 15. Rfd1 h6 16. Be3 Qc8 17. Bh3 e6 18.
Nd2 cxd4 19. cxd4 Bc2 20. Rdc1 Qc6 21. b3 Rfc8 22. Ra2 Bf8 23. Qb2 Qb5 24. Rxc2 Qxe2 25.
Bf1 Qd1 26. Rxc8 Rxc8 27. Ra1 Qc2 28. Qxc2 Rxc2 29. axb6 axb6 30. Ra7 Nf6 31. h3 Rb2 32. Nf3 Ne4 33. Ne5 Nd6 34. Nd7 Kg7 35. Nxf8 Kxf8 36. Bxh6+ Kg8 37. Bf4 Ne4 38. f3 Nd2 39. Bxd2 Rxd2 40.
Ra4 Kf8 41. Rb4 Ke7 42. Rxb6 Rxd4 43. Kf2 Rd2+ 44. Ke3 Rh2 45. f4 f6 46. h4 e5 47.
fxe5 fxe5 48. Rxg6 Rb2 49. Rb6 Kd7 50. h5 Kc7 51.
Rb5 Kc6 52. g4 Rh2 53. Rb8 Rh4 54. Rg8 Rh3+ 55. Bxh3 1-0

[Event "Early-Titled-Tuesday-Blitz-December-26-2023"]
[Site "Chess.com"]
[Date "2023.12.26"]
[Round "10"]
[White "sergoy"]
[Black "djokovic74"]
[Result "1-0"]
[WhiteElo "2940"]
[BlackElo "2656"]
[TimeControl "180+1"]
[EndTime "9:55:37 PST"]
[Termination "sergoy won on time"]

1. b3 e5 2. Bb2 Nc6 3. e3 d5 4. Bb5 Bd6 5. Ne2 Nf6 6. O-O O-O 7.
f4 e4 8. Ng3 a6 9. Be2 Re8 10.
c4 dxc4 11. Bxc4 b5 12. Be2 Bb7 13. Nc3 Nb4 14. Nf5 Bf8 15. a3 Nd3 16. Bxd3 Qxd3 17.
Ne2 Qd5 18. Neg3 Re6 19. b4 Rd8 20. Nd4 Rb6 21. Rc1 Rd7 22. Ngf5 a5 23. Qe1 g6 24.
Qh4 axb4 25. axb4 gxf5 26. Qg5+ Bg7 27. Nxf5 Ne8 28. Rc5 Qxd2 29. Re5 Re6 30. Bd4 Rxe5 31. fxe5 Qa2 32. e6 Qxe6 33. Nxg7 Qg6 34. Qxg6 hxg6 35. Nxe8 Rd8 36. Nxc7 Rc8 37. Nxb5 1-0